 Dungeon Crawl Stone Soup version 0.23.1-44-gbd83930989 (webtiles) character file.

Game seed: 17258629666386353648

370 Marnok the Shield-Bearer (level 6, -8/53 HPs)
             Began as a Minotaur Fighter on Mar 30, 2019.
             Engulfed by a cloud of flame (14 damage)
             ... on level 3 of the Dungeon.
             The game lasted 00:08:22 (1758 turns).

Marnok the Shield-Bearer (Minotaur Fighter)         Turns: 1758, Time: 00:08:23

Health: -8/53      AC: 11    Str: 27    XL:     6   Next: 42%
Magic:  5/5        EV:  8    Int:  5    God:
Gold:   102        SH: 11    Dex: 10    Spells: 5/5 levels left

rFire    . . .     SeeInvis .   a - +1 war axe
rCold    . . .     Gourm    .   c - +1 shield
rNeg     . . .     Faith    .   b - +0 scale mail
rPois    .         Spirit   .   (helmet restricted)
rElec    .         Reflect  .   (no cloak)
rCorr    .         Harm     .   (no gloves)
MR       .....                  (no boots)
Stlth    ..........             (no amulet)
HPRegen  0.17/turn              u - +4 ring of protection
MPRegen  0.09/turn              (no ring)

@: mighty
A: retaliatory headbutt, horns 2
a: no special abilities


You were on level 3 of the Dungeon.
You were hungry.

You visited 1 branch of the dungeon, and saw 4 of its levels.

You collected 102 gold pieces.

Inventory:

Hand Weapons
 a - a +1 war axe (weapon)
Armour
 b - a +0 scale mail (worn)
 c - a +1 shield (worn)
Jewellery
 u - a +4 ring of protection (left hand)
Scrolls
 e - 3 scrolls of blinking
 k - 2 scrolls of teleportation
 l - 2 scrolls of fog
 q - 3 scrolls of amnesia
 r - 2 scrolls of enchant weapon
Potions
 g - 5 potions of curing
 i - a potion of cancellation {unknown}
 n - a potion of flight {unknown}
 p - a potion of magic {unknown}
 s - 2 potions of heal wounds
 t - a potion of haste {unknown}
Comestibles
 f - 7 rations


   Skills:
 + Level 4.6 Fighting
 + Level 5.0 Axes
 + Level 5.1 Armour
 + Level 1.5 Dodging
 + Level 0.2 Stealth
 + Level 5.4 Shields


You had 5 spell levels left.
You didn't know any spells.
Your spell library was empty.

Dungeon Overview and Level Annotations

Branches:
Dungeon (4/15)
 Temple: D:4-7

Altars:
Elyvilon
Okawaru
Ru


Innate Abilities, Weirdness & Mutations

You reflexively headbutt those who attack you in melee.
You have a pair of horns on your head.


Message History

The fiery explosion engulfs the hobgoblin!!
The hobgoblin explodes!
The fiery explosion engulfs Robin!!
Robin explodes!
The fiery explosion engulfs the goblin!!
The goblin explodes!
The fiery explosion engulfs the goblin!!
The goblin explodes!
The fiery explosion engulfs the goblin!!
The goblin explodes!
You feel a bit more experienced.
Your Axes skill increases to level 5!
Your Armour skill increases to level 5!
Your Shields skill increases to level 5!
You have reached level 6!
Your experience leads to an increase in your attributes!
Your base attributes are Str 21, Int 5, Dex 10.
Increase (S)trength, (I)ntelligence, or (D)exterity?
You feel stronger.
You feel a bit more experienced.
You are engulfed in blazing flames.
You die...

.....####.#.#.....[...#
............#.......%.#
............#.........##
..<.............g§§.%..#
.....####......@.§§...##
.................§§§..#
#.#######..##.###§§§§##
..#####....#...#§§§§§)#
.@#........#.♣.#@####)#
.........###...### #.#
.........# ##.## #.##
.........# #.# #..#
..##.##### ##.## #####.#
..##§#§§§###...###...#.#
#.##§@§♣§...._.....♣...#
#.####§§.###...###...#.#
#.# ##### ##.## #####.#


There were no monsters in sight!

Vanquished Creatures
  Sigmund (D:3)
  A killer bee (D:3)
  A hound skeleton (D:3)
  Robin (D:3)
  4 adders (D:2)
  3 oozes
  A worm (D:3)
  5 dart slugs
  A leopard gecko (D:1)
  A ball python (D:1)
  2 giant cockroaches
  14 goblins
  5 hobgoblins
  4 jackals (D:2)
  10 kobolds
  2 quokkas
  10 bats
  3 frilled lizards (D:1)
  10 rats
79 creatures vanquished.

Notes
Turn   | Place    | Note
-------+----------+-------------------------------------------
     0 | D:1      | Marnok the Minotaur Fighter began the quest for the Orb.
     0 | D:1      | Reached XP level 1. HP: 19/19 MP: 0/0
   124 | D:1      | Reached XP level 2. HP: 27/27 MP: 1/1
   431 | D:1      | Reached XP level 3. HP: 33/33 MP: 2/2
   835 | D:2      | Reached XP level 4. HP: 40/40 MP: 3/3
   913 | D:2      | Found an iron altar of Okawaru.
  1162 | D:3      | Reached XP level 5. HP: 29/46 MP: 4/4
  1366 | D:3      | Found a white marble altar of Elyvilon.
  1380 | D:3      | Noticed Sigmund
  1489 | D:2      | Found a sacrificial altar of Ru.
  1635 | D:3      | Reached skill level 1 in Dodging
  1743 | D:3      | Noticed Robin
  1758 | D:3      | Killed Sigmund
  1758 | D:3      | Killed Robin
  1758 | D:3      | Reached skill level 5 in Axes
  1758 | D:3      | Reached skill level 5 in Armour
  1758 | D:3      | Reached skill level 5 in Shields
  1758 | D:3      | Reached XP level 6. HP: 6/53 MP: 5/5
  1758 | D:3      | Engulfed by a cloud of flame

Skill      XL: |  1  2  3  4  5 |
---------------+----------------+-----
Fighting       | 4 |  4.6
Shields        | 4 5 |  5.4
Armour         | 4 5 |  5.1
Axes           | 3 4 5 |  5.0
Dodging        | 1 |  1.5
Stealth        | |  0.2

Action                   |  1- 3 |  4- 6 || total
-------------------------+-------+-------++-------
Melee: War axe           |    90 |    62 ||   152
       Headbutt          |     6 |     5 ||    11
  Use: Scroll            |       |    13 ||    13
       Potion            |       |     1 ||     1
  Eat: Chunk             |       |     2 ||     2
Armor: Scale mail        |    38 |    47 ||    85
Dodge: Dodged            |    29 |    30 ||    59
Block: Shield            |    47 |    71 ||   118
